 Seeded DCSS version 0.31-a0-596-g831eee08f1 (webtiles) character file.

Game seed: 20230813 (custom seed)

439 a11behringer the Chopper (level 6, -3/84 HPs)
             Began as a Minotaur Berserker on Aug 21, 2023.
             Was a Believer of Trog.
             Slain by an orc warrior
             ... wielding a +0 halberd
              (9 damage)
             ... on level 4 of the Dungeon.
             The game lasted 00:07:11 (3696 turns).

a11behringer the Chopper (Minotaur Berserker)       Turns: 3696, Time: 00:07:12

Health: -3/84      AC: 14    Str: 24    XL:     6   Next: 70%
Magic:  5/5        EV:  7    Int:  4    God:    Trog [**....]
Gold:   199        SH:  0    Dex:  9    Spells: 5/5 levels left

rFire   . . .        a - +1 hand axe
rCold   . . .        (no shield)
rNeg    . . .        q - +0 plate armour
rPois   .            (helmet restricted)
rElec   .            x - +0 cloak
rCorr   .            v - +0 pair of gloves
SInv    .            (no boots)
Will    ++...        (no amulet) Stlth
                     (no ring)
HPRegen 1.34/turn    (no ring)
MPRegen 0.09/turn

%: no passive effects
@: berserking, strong-willed (expiring), regenerating (expiring), very quick
A: horns 2, retaliatory headbutt
a: Renounce Religion, Berserk, Trog's Hand


You were on level 4 of the Dungeon.
You worshipped Trog.
Trog was pleased with you.
You visited 1 branch of the dungeon, and saw 4 of its levels.

You collected 199 gold pieces.

Inventory:

Hand Weapons
 a - a +1 hand axe (weapon)
 f - a +0 spear
Armour
 b - a +0 animal skin
 e - a +0 ring mail
 q - a +0 plate armour (worn)
 v - a +0 pair of gloves (worn)
 x - a +0 cloak (worn)
Jewellery
 t - an amulet of magic regeneration
Wands
 l - a wand of polymorph (7)
Scrolls
 c - a scroll of brand weapon {unknown}
 g - 3 scrolls of fog
 h - 2 scrolls of poison
 i - a scroll of revelation {unknown}
 j - 2 scrolls of silence
 n - a scroll of torment {unknown}
 o - 2 scrolls of enchant weapon
 p - a scroll of enchant armour {unknown}
 r - a scroll of teleportation {unknown}
 u - a scroll of fear
Potions
 d - 2 potions of curing
 k - 2 potions of enlightenment
 m - a potion of haste {unknown}
 s - a potion of heal wounds {unknown}
 w - a potion of mutation {unknown}


   Skills:
 + Level 5.3 Fighting
 * Level 6.2 Axes
 + Level 4.4 Armour
 + Level 4.1 Dodging


You had 5 spell levels left.
You didn't know any spells.
Your spell library was empty.

Dungeon Overview and Level Annotations

Branches:
Dungeon (4/15)
 Temple: D:4-7

Altars:
Ashenzari
Cheibriados
Dithmenos
Elyvilon
Fedhas
Yredelemnul

Shops:
D:2 =


Innate Abilities, Weirdness & Mutations

You have a pair of horns on your head.
You reflexively headbutt those who attack you in melee.


Message History

You headbutt the orc wizard! The orc barely misses you.
You furiously retaliate!
You headbutt the orc. You barely miss the orc wizard.
The orc wizard is severely wounded.
You hit the orc.
You kill the orc!
Trog accepts your kill.
The orc wizard hits you but does no damage.
You closely miss the orc wizard.
The orc wizard is heavily wounded.
You completely miss the orc. The orc hits you with a +0 falchion.
The orc warrior hits you from afar with a +0 halberd.
The orc wizard closely misses you.
You slash the orc wizard!
You kill the orc wizard!
Trog accepts your kill.
Trog appreciates your killing of a magic user.
You barely miss the orc. The orc hits you but does no damage.
The orc warrior barely misses you.
The orc priest invokes the aid of Beogh against you.
Beogh smites you!
Your skin crawls.
You feel strong-willed.
You feel the effects of Trog's Hand fading.
The orc hits you but does no damage.
The orc warrior hits you from afar with a +0 halberd.
* * * LOW HITPOINT WARNING * * *
A red film seems to cover your vision as you go berserk!
You feel yourself moving faster!
You feel mighty! The orc hits you but does no damage.
The orc warrior hits you from afar with a +0 halberd!
* * * LOW HITPOINT WARNING * * *
The orc priest hits you with a +0 club.
* * * LOW HITPOINT WARNING * * *
You closely miss the orc. You slash the orc priest!
The orc priest calls down the wrath of Beogh upon you.
Beogh smites you!
* * * LOW HITPOINT WARNING * * *
The orc warrior hits you from afar with a +0 halberd!
You die...

............#.........
...........##........#
.........###.........
#................#.#
#..........#######)#
####.............# #.#
.........###...#.# #.#
...###..# ##....####.#
#o@.## ##.#......#
#oo#.######(...>..##
#.o##..........#..##
.... #.##########..#
..... #.. ....# 8##..
#.# ####.# .# #.. ..#
#. .# ###


You could see an orc warrior, an orc priest and 2 orcs.

Vanquished Creatures
  A sky beast (D:4)
  A howler monkey (D:4)
  2 jellies (D:4)
  Crazy Yiuf (D:3)
  An iron imp (D:3)
  An orc priest (D:3)
  Jessica (D:2)
  An orc wizard (D:4)
  Robin (D:3)
  An adder (D:3)
  A worm (D:2)
  3 dart slugs
  9 orcs
  3 bats
  2 endoplasms
  3 giant cockroaches
  12 goblins
  10 hobgoblins
  5 jackals
  3 kobolds
  4 quokkas
  10 ball pythons
  2 frilled lizards (D:3)
  6 rats
84 creatures vanquished.

Notes
Turn   | Place    | Note
-------+----------+-------------------------------------------
     0 | D:1      | a11behringer the Minotaur Berserker began the quest for the
                  | Orb.
     0 | D:1      | Reached XP level 1. HP: 19/19 MP: 0/0
   234 | D:1      | Reached XP level 2. HP: 27/27 MP: 1/1
   935 | D:1      | Reached skill level 4 in Axes
  1307 | D:2      | Noticed Jessica
  1313 | D:2      | Killed Jessica
  1314 | D:2      | Reached XP level 3. HP: 33/33 MP: 2/2
  1405 | D:2      | Found Esiriaz's Jewellery Shop.
  1481 | D:2      | Reached ** piety under Trog
  1686 | D:2      | Found a faded altar of an unknown god.
  1838 | D:2      | Found the +8 storm bow {elec, penet}
  2084 | D:3      | Reached XP level 4. HP: 39/40 MP: 3/3
  2116 | D:3      | Noticed Robin
  2133 | D:3      | Killed Robin
  2197 | D:3      | Found a shadowy altar of Dithmenos.
  2197 | D:3      | Found a blossoming altar of Fedhas.
  2467 | D:3      | Found a snail-covered altar of Cheibriados.
  2533 | D:3      | Found a white marble altar of Elyvilon.
  2601 | D:3      | Reached skill level 5 in Axes
  2601 | D:3      | Reached XP level 5. HP: 28/47 MP: 4/4
  2814 | D:3      | Found a broken altar of Ashenzari.
  3111 | D:3      | Found a runed translucent door.
  3112 | D:3      | Noticed Crazy Yiuf
  3218 | D:3      | Killed Crazy Yiuf
  3327 | D:3      | Found a basalt altar of Yredelemnul.
  3469 | D:4      | Reached skill level 5 in Fighting
  3501 | D:4      | Noticed a sky beast
  3502 | D:4      | Reached XP level 6. HP: 54/56 MP: 5/5
  3516 | D:4      | Killed a sky beast
  3517 | D:4      | Reached skill level 6 in Axes
  3687 | D:4      | Noticed an orc warrior
  3696 | D:4      | Slain by an orc warrior

Illustrated notes

Levels and vault maps discovered:
D:1:      lightli_arrival_isolated_outpost, layout_basic, minmay_pentomino_p4
D:2:      layout_loops_ring, serial_shops, shop,
          hellmonk_ecumenical_altar_zigzags, uniq_jessica
D:3:      layout_loops_ring, nicolae_overflow_crystal_walls,
          kennysheep_ying_yang, slow_altar_2,
          gammafunk_temple_overflow_elements, minmay_fractal_squares_diagonal_5,
          uniq_robin, uniq_crazy_yiuf_cottage
D:4:      layout_basic, nicolae_overflow_two_pavilions, temple_fountains,
          guppyfry_early_orc_mine

Skill      XL: |  1  2  3  4  5  6 |
---------------+-------------------+-----
Fighting       | 4 5 |  5.3
Axes           | 4 5 6 |  6.2
Armour         | 3 4 |  4.4
Dodging        | 3 4 |  4.1

Action                     |  1- 3 |  4- 6 || total
---------------------------+-------+-------++-------
  Melee: Hand axe          |    58 |   112 ||   170
         Headbutt          |     9 |    25 ||    34
 Invoke: Berserk           |       |     4 ||     4
         Trog's Hand       |       |     3 ||     3
    Use: Scroll            |       |     7 ||     7
 Armour: Animal skin       |     1 |       ||     1
         Ring mail         |    17 |       ||    17
         Plate armour      |       |    66 ||    66
  Dodge: Dodged            |    33 |    36 ||    69

Table legend: (Time is in decaauts)
 A = Elapsed time spent in this place.
 B = Non-inter-level travel time spent in this place.
 C = Inter-level travel time spent in this place.
 D = Time resting spent in this place.
 E = Time spent auto-exploring this place.
 F = Levels seen in this place.
 G = Mean time per level.
                   A        B        C        D        E       F      G
               +--------+--------+--------+--------+--------+-----+--------+
         Total |   3743 |   3516 |    227 |      0 |   3030 |   4 |  935.8 |
       Dungeon |   3743 |   3516 |    227 |      0 |   3030 |   4 |  935.8 |
               +--------+--------+--------+--------+--------+-----+--------+

Top non-repeatable levels by time:
     D:3: 1355 daAuts
     D:1: 1284 daAuts
     D:2: 783 daAuts
     D:4: 319 daAuts
